 Dungeon Sprint DCSS version 0.18-a0-1354-gbc5753f (webtiles) character file.

247 Kidiri the Covert (level 5, -10/27 HPs)
             Began as a Spriggan Enchanter on Feb 19, 2016.
             Mangled by a neqoxec (13 damage)
             ... in the Dungeon (Sprint II: "The Violet Keep of Menkaure").
             The game lasted 00:01:07 (33 turns).

Kidiri the Covert (Spriggan Enchanter)                Turns: 33, Time: 00:01:07

Health: -10/27     AC:  3    Str:  4      XL:     5   Next: 85%
Magic:  8/15       EV: 22    Int: 14 (17) God:
Gold:   0          SH:  0    Dex: 15      Spells: 1 memorised, 16 levels left

rFire  . . .     SeeInvis +     a - +1 dagger
rCold  . . .     Gourm    .     b - +1 robe
rNeg   . . .     Faith    .     (shield restricted)
rPois  .         Spirit   .     (helmet restricted)
rElec  .         Dismiss  .     (no cloak)
rCorr  .         Reflect  .     (gloves unavailable)
SustAt .         Harm     .     (boots unavailable)
MR     .....     NoTele   +     (no amulet)
Stlth  +++++.....               (no ring)
                                (no ring)

@: exhausted, slowed, quick, not resistant to hostile enchantments, quite
stealthy
A: unfitting armour, see invisible, clumsy 1, herbivore 3, speed 3, slow
metabolism 2, MP-powered wands
a: no special abilities


You were in the Dungeon.
You were not hungry.

You visited 1 branch

Inventory:

Hand Weapons
 a - a +1 dagger (weapon)
Armour
 b - a +1 robe (worn)
Scrolls
 j - a scroll of blinking
Potions
 e - a potion of curing
 f - a potion of heal wounds
 g - a potion of haste
 h - 2 potions of magic
Books
 c - a book of Maledictions

   Spells                             Type                      Level
   a - Corona                         Hexes                        1
   b - Ensorcelled Hibernation        Hexes/Ice                    2
   c - Confuse                        Hexes                        3
   d - Tukima's Dance                 Hexes                        3
   e - Dazzling Spray                 Conjuration/Hexes            3
Comestibles
 d - a bread ration


   Skills:
 + Level 2.6 Fighting
 * Level 5.5 Short Blades
 + Level 2.4 Armour
 * Level 8.0 Dodging
 * Level 9.2 Stealth
 * Level 6.7 Spellcasting
 + Level 5.8 Hexes


You had 16 spell levels left.
You knew the following spells:

 Your Spells              Type           Power        Failure   Level  Hunger
a - Corona                Hex            ###....      1%          1    None


Dungeon Overview and Level Annotations

Branches:
Dungeon (1/1)

Altars:


Innate Abilities, Weirdness & Mutations

You are tiny and cannot use many weapons and most armour.
You have supernaturally acute eyesight.
You are an herbivore.
You cover ground extremely quickly.
You need consume almost no food.
You are clumsy. (Dex -2)
You expend magic power (3 MP) to strengthen your wands.


Message History

The shadow imp is moderately wounded.
The shadow imp misses you.
The neqoxec gestures.
You hit the shadow imp.
The shadow imp is heavily wounded.
The shadow imp barely misses you.
You hit the shadow imp but do no damage.
The shadow imp is heavily wounded.
The shadow imp disappears in a puff of smoke!
The neqoxec gestures at you.
You feel dopey. Something feeds on your intellect!
You hit the neqoxec but do no damage.
The iron imp shouts, "Crawl home, thou feeble guts-griping beggar!"
The neqoxec hits you!
* * * LOW HITPOINT WARNING * * *
You hit the neqoxec.
The neqoxec is lightly wounded.
The neqoxec hits you!
You die...

### ##
#.5##5#
#553#
#3#
##@##
+.<.+
##.##
#+#


You could see 2 neqoxecs, 2 iron imps, a shadow imp and an ufetubus.

Vanquished Creatures
  2 neqoxecs (D)
2 creatures vanquished.

Vanquished Creatures (others)
  A crocodile (D)
1 creature vanquished.

Grand Total: 3 creatures vanquished

Notes
Turn   | Place    | Note
--------------------------------------------------------------
     0 | D        | Kidiri the Spriggan Enchanter began the quest for the Orb.
     0 | D        | Reached XP level 1. HP: 9/9 MP: 5/5
     1 | D        | Noticed a neqoxec
     1 | D        | Noticed a neqoxec
     1 | D        | Noticed a neqoxec
     1 | D        | Noticed a neqoxec
     3 | D        | Noticed a quasit
    10 | D        | Noticed a crimson imp
    12 | D        | Killed a neqoxec
    12 | D        | Reached skill level 1 in Armour
    12 | D        | Reached skill level 6 in Dodging
    12 | D        | Reached skill level 7 in Stealth
    12 | D        | Reached skill level 5 in Spellcasting
    12 | D        | Reached skill level 5 in Hexes
    12 | D        | Reached XP level 2. HP: 9/15 MP: 5/9
    12 | D        | Reached XP level 3. HP: 11/18 MP: 6/11
    12 | D        | Reached XP level 4. HP: 13/23 MP: 6/12
    19 | D        | Gained mutation: You expend magic power (3 MP) to strengthen your wands. [a neqoxec]
    20 | D        | Killed a neqoxec
    20 | D        | Reached skill level 5 in Short Blades
    20 | D        | Reached skill level 8 in Dodging
    20 | D        | Reached skill level 9 in Stealth
    20 | D        | Reached XP level 5. HP: 15/27 MP: 6/15
    21 | D        | Killed a crocodile
    26 | D        | Gained mutation: You are clumsy. (Dex -2) [a neqoxec]
    33 | D        | Mangled by a neqoxec

Vault maps used:
D:        the_violet_keep_of_menkaure

Action                   |  1- 3 |  4- 6 || total
-------------------------+-------+-------++-------
Melee: Dagger            |    10 |    19 ||    29
  Use: Potion            |     1 |       ||     1
